 Dungeon Crawl Stone Soup version 0.29-a0-334-gb41bcbb86e (webtiles) character file.

Game seed: 18384039960122124206

1388 kevlar127 the Ruffian (level 8, -7/81 HPs)
             Began as a Troll Berserker on Apr 16, 2022.
             Was a Believer of Trog.
             Mangled by a gnoll
             ... wielding a +0 halberd
              (12 damage)
             ... on level 6 of the Dungeon.
             The game lasted 00:50:57 (10827 turns).

kevlar127 the Ruffian (Troll Berserker)            Turns: 10827, Time: 00:51:01

Health: -7/81      AC:  4    Str: 28    XL:     8   Next: 40%
Magic:  0/7        EV: 10    Int:  3    God:    Trog [**....]
Gold:   270        SH:  0    Dex:  9    Spells: 7/7 levels left

rFire   . . .      SeeInvis .     - Unarmed
rCold   . . .      Faith    .   (no shield)
rNeg    . . .      Spirit   +   a - +0 animal skin
rPois   .          Reflect  .   (helmet restricted)
rElec   .          Harm     .   r - scarf {repulsion}
rCorr   .          Rampage  .   (gloves unavailable)
Will    ++...                   (boots unavailable)
Stlth   +.........              l - amulet of guardian spirit
HPRegen 2.03/turn               (no ring)
MPRegen 0.10/turn               (no ring)

@: strong-willed, on berserk cooldown, regenerating, hasted and slowed, repel
missiles
A: large, unfitting armour, claws 3, regeneration 1, shaggy fur 1, tough skin 1
a: Renounce Religion, Berserk, Trog's Hand


You were on level 6 of the Dungeon.
You worshipped Trog.
Trog was pleased with you.
You visited 1 branch of the dungeon, and saw 6 of its levels.

You collected 270 gold pieces.

Inventory:

Hand Weapons
 t - a +1 mace of protection
 w - a +0 shortbow
 C - a +2 falchion of venom
 F - a +3 quarterstaff of chaos
Missiles
 b - 193 stones (quivered)
 e - 11 poisoned darts
 j - 3 throwing nets
Armour
 a - a +0 animal skin (worn)
 o - a +0 robe
 r - a scarf of repulsion (worn)
 y - a +0 robe
 D - the +0 robe "Earthly Heaven" {rElec rF- rCorr Int+7}
   (You found it on level 5 of the Dungeon)

   Int:       It affects your intelligence (+7).
   rF:        It makes you vulnerable to fire.
   rElec:     It insulates you from electricity.
   rCorr:     It protects you from acid and corrosion.
 G - a +0 cloak
 H - the +4 ring mail "Mocror" {Harm *Corrode Regen+ SInv}
   (You found it on level 6 of the Dungeon)

   SInv:      It lets you see invisible.
   Regen:     It increases your rate of health regeneration.
   *Corrode:  It may corrode you when you take damage.
   Harm:      It increases damage dealt and taken.
Jewellery
 l - an amulet of guardian spirit (around neck)
Wands
 z - a wand of paralysis (10)
Scrolls
 c - a scroll of identify
 d - 4 scrolls of teleportation
 f - 2 scrolls of enchant armour
 i - 3 scrolls of amnesia {unknown}
 k - a scroll of enchant weapon {unknown}
 m - a scroll of magic mapping {unknown}
 n - a scroll of blinking {unknown}
 p - a scroll of immolation {unknown}
 q - a scroll of fear {unknown}
 u - a scroll of torment {unknown}
 v - a scroll of vulnerability {unknown}
Potions
 g - a potion of cancellation
 h - a potion of heal wounds
 s - 3 potions of berserk rage
 x - 2 potions of magic
 B - a potion of curing {unknown}
 E - a potion of lignification


   Skills:
 * Level 5.5 Fighting
 + Level 3.4 Throwing
 + Level 4.3 Dodging
 * Level 6.6 Unarmed Combat


You had 7 spell levels left.
You didn't know any spells.
Your spell library contained the following spells:

 Spells                   Type           Power      Damage    Failure   Level
 Sting                    Tmut/Pois      0%         1d3       52%         1
 Poisonous Vapours        Pois/Air       0%         N/A       67%         2
 Scorch                   Fire           0%         2d5       67%         2
 Flame Wave               Conj/Fire      0%         2d4       99%         4
 Olgreb's Toxic Radiance  Pois           0%         N/A       99%         4
 Summon Cactus Giant      Summ           0%         N/A       100%        6


Dungeon Overview and Level Annotations

Branches:
Dungeon (6/15)             Temple (0/1) D:5

Altars:
Elyvilon
Makhleb
Yredelemnul

Shops:
D:1 [   D:4 [   D:5 [


Innate Abilities, Weirdness & Mutations

You are too large for most types of armour.
You have claws for hands.
Your natural rate of healing is unusually fast.
You are covered in fur. (AC +1)
You have tough skin. (AC +1)


Message History

The hobgoblin hits you. The gnoll misses you.
The gnoll hits you with a +0 whip!
The gnoll hits you from afar with a +0 halberd.
The gnoll hits you with a +0 club.
You feel a strong urge to attack something.
You are no longer berserk.
You are exhausted.
You feel yourself slow down.
The gnoll hits you from afar with a +0 halberd!
The gnoll barely misses you. The gnoll attacks as you move away!
The gnoll barely misses you. The gnoll attacks as you move away!
The gnoll hits you with a +0 club. The gnoll attacks as you move away!
The gnoll hits you with a +0 club. The gnoll attacks as you move away!
The gnoll hits you with a +0 club. The gnoll attacks as you move away!
The gnoll barely misses you. The gnoll attacks as you move away!
The gnoll completely misses you. The gnoll hits you but does no damage.
The gnoll hits you from afar with a +0 halberd!
The gnoll hits you with a +0 whip. The gnoll attacks as you move away!
The gnoll hits you with a +0 club. The gnoll attacks as you move away!
The gnoll hits you with a +0 club.
* * * LOW HITPOINT WARNING * * *
The gnoll attacks as you move away! The gnoll barely misses you.
The gnoll attacks as you move away! The gnoll hits you with a +0 club.
* * * LOW HITPOINT WARNING * * *
There is an open door here.
You closely miss the gnoll. The gnoll hits you with a +0 club.
* * * LOW HITPOINT WARNING * * *
The gnoll hits you with a +0 whip.
* * * LOW HITPOINT WARNING * * *
The gnoll hits you from afar with a +0 halberd!
* * * LOW HITPOINT WARNING * * *
Your skin crawls.
You feel strong-willed. The gnoll hits you with a +0 club.
* * * LOW HITPOINT WARNING * * *
The hobgoblin closely misses you. The gnoll hits you with a +0 whip.
* * * LOW HITPOINT WARNING * * *
The gnoll hits you from afar with a +0 halberd!
You die...

#######################
#....#.......#.........
#....#......)).........
##....#########.........
#......#ggg.....).######
+......@ggg.K.....#
#......#gKK.......#####
##..).#########.........
#....#......)).........
#....#.....).#.........
######''###################
≈≈≈≈≈....≈≈≈≈≈≈≈≈≈≈≈≈≈≈≈≈
≈≈≈≈≈....≈≈≈≈≈≈≈≈≈≈≈≈≈≈≈≈
≈≈≈≈≈.....≈≈≈≈≈≈≈≈≈≈≈≈≈≈≈


You could see 6 gnolls, a hobgoblin and 3 kobolds.

Vanquished Creatures
  Menkaure (D:6)
  A centaur (D:4)
  A phantom (D:6)
  Blork the orc (D:4)
  2 necrophages (D:5)
  4 scorpions
  3 wights (D:6)
  2 hounds (D:4)
  Crazy Yiuf (D:6)
  A gnoll shaman (D:5)
  2 iguanas (D:6)
  Natasha (D:2)
  Robin (D:4)
  10 gnolls
  12 adders
  2 white imps (D:5)
  5 dart slugs
  An orc (D:4)
  8 endoplasms
  5 giant cockroaches
  9 goblins
  15 hobgoblins
  19 kobolds
  4 quokkas
  11 ball pythons
  2 bats
  7 frilled lizards
  3 rats
134 creatures vanquished.

Vanquished Creatures (others)
  A ball python (D:4)
  A plant (D:5)
2 creatures vanquished.

Grand Total: 136 creatures vanquished

Notes
Turn   | Place    | Note
-------+----------+-------------------------------------------
     0 | D:1      | kevlar127 the Troll Berserker began the quest for the Orb.
     0 | D:1      | Reached XP level 1. HP: 22/22 MP: 0/0
   129 | D:1      | Reached XP level 2. HP: 29/29 MP: 1/1
   322 | D:1      | Found Cummoessuc's Armour Shoppe.
   398 | D:1      | Found a faded altar of an unknown god.
   522 | D:2      | Reached XP level 3. HP: 36/36 MP: 2/2
   658 | D:2      | Reached ** piety under Trog
   670 | D:2      | Found a basalt altar of Yredelemnul.
   710 | D:2      | Reached XP level 4. HP: 40/45 MP: 3/3
  1036 | D:2      | Reached skill level 1 in Throwing
  1681 | D:2      | Noticed Natasha
  1689 | D:2      | Killed Natasha
  1690 | D:2      | Reached skill level 4 in Unarmed Combat
  1953 | D:3      | Reached XP level 5. HP: 34/53 MP: 0/4
  3876 | D:4      | Found Ynaheowku's Antique Armour Shop.
  4071 | D:4      | Found a basalt altar of Yredelemnul.
  4075 | D:4      | Noticed Blork the orc
  4093 | D:4      | Killed Blork the orc
  4094 | D:4      | Reached XP level 6. HP: 62/62 MP: 3/5
  5747 | D:4      | Reached skill level 5 in Unarmed Combat
  5773 | D:4      | Found a burning altar of Makhleb.
  5914 | D:4      | Noticed Robin
  5936 | D:4      | Killed Robin
  6996 | D:5      | Entered Level 5 of the Dungeon
  7005 | D:5      | Reached XP level 7. HP: 71/71 MP: 6/6
  7164 | D:5      | Found a staircase to the Ecumenical Temple.
  8772 | D:5      | Identified the +0 robe "Earthly Heaven" {rElec rF- rCorr
                  | Int+7}
  8830 | D:5      | Found Vuany's Antique Armour Shop.
  9222 | D:6      | Found a white marble altar of Elyvilon.
  9395 | D:6      | Found a runed translucent door.
  9396 | D:6      | Noticed Crazy Yiuf
  9404 | D:6      | Killed Crazy Yiuf
  9635 | D:6      | Reached skill level 5 in Fighting
  9635 | D:6      | Reached skill level 6 in Unarmed Combat
  9795 | D:6      | Reached XP level 8. HP: 72/72 MP: 4/7
  9971 | D:6      | Noticed Menkaure
  9993 | D:6      | Killed Menkaure
 10783 | D:6      | Identified the +4 ring mail "Mocror" {Harm *Corrode Regen+
                  | SInv}
 10827 | D:6      | Mangled by a gnoll

Illustrated notes

Levels and vault maps discovered:
D:1:      minmay_arrival_four_houses, layout_rooms,
          dilly_ecumenical_altar_fadedgnrine, serial_shops, shop, st_stairs_12
D:2:      layout_basic, basic_altar, uniq_natasha
D:3:      layout_basic
D:4:      layout_basic, mainiacjoe_overflow_catwalk,
          makhleb_blood_cavern_becter, serial_shops, nicolae_stop_n_shop_1,
          minmay_misc_feat_rugged, lemuel_old_faithful, uniq_blork_the_orc,
          uniq_robin
D:5:      layout_loops_ring, minmay_temple_entry_statues_fountains,
          serial_shops, kennysheep_mini, minmay_hedge_maze,
          guppyfry_early_lair_pool
D:6:      minmay_goblin_kobold_castle, layout_loops_ring,
          nicolae_overflow_hallway_of_the_gods, elyvilon_altar_3,
          uniq_crazy_yiuf_cottage, uniq_menkaure, uniq_edmund

Skill      XL: |  1  2  3  4  5  6  7 |
---------------+----------------------+-----
Fighting       | 3 4 5 |  5.5
Throwing       | 1 2 3 |  3.4
Dodging        | 3 4 |  4.3
Unarmed Combat | 4 5 6 |  6.6

Action                   |  1- 3 |  4- 6 |  7- 9 || total
-------------------------+-------+-------+-------++-------
Melee: Unarmed           |    67 |   152 |   107 ||   326
       Punch             |     1 |     4 |     4 ||     9
Throw: Stone             |    10 |    34 |    23 ||    67
Invok: Berserk           |     1 |     4 |     5 ||    10
       Trog's Hand       |       |       |     1 ||     1
  Use: Scroll            |       |     3 |     4 ||     7
       Potion            |       |       |     2 ||     2
 Stab: Sleeping          |       |     1 |       ||     1
Armor: Animal skin       |    14 |    45 |    16 ||    75
Dodge: Dodged            |    37 |    71 |    60 ||   168
       Repelled          |       |     1 |     1 ||     2

Table legend: (Time is in decaauts)
 A = Elapsed time spent in this place.
 B = Non-inter-level travel time spent in this place.
 C = Inter-level travel time spent in this place.
 D = Time resting spent in this place.
 E = Time spent auto-exploring this place.
 F = Levels seen in this place.
 G = Mean time per level.
                   A        B        C        D        E       F      G
               +--------+--------+--------+--------+--------+-----+--------+
         Total |  10897 |  10543 |    354 |   6801 |   2593 |   6 | 1816.2 |
       Dungeon |  10897 |  10543 |    354 |   6801 |   2593 |   6 | 1816.2 |
               +--------+--------+--------+--------+--------+-----+--------+

Top non-repeatable levels by time:
     D:4: 3128 daAuts
     D:5: 2206 daAuts
     D:3: 1957 daAuts
     D:6: 1656 daAuts
     D:2: 1430 daAuts
     D:1: 518 daAuts
